 Dungeon Crawl Stone Soup version 0.21.1-1-g345015fe64 (webtiles) character file.

8687 Dox the Grappler (level 11, -8/89 HPs)
             Began as a Ghoul Monk on Apr 25, 2018.
             Was an Elder of Makhleb.
             Mangled by a deep troll (12 damage)
             ... on level 9 of the Dungeon.
             The game lasted 01:02:43 (7638 turns).

Dox the Grappler (Ghoul Monk)                       Turns: 7638, Time: 01:02:44

Health: -8/89      AC: 18    Str: 18    XL:     11   Next: 34%
Magic:  14/14      EV:  9    Int:  5    God:    Makhleb [****..]
Gold:   456        SH:  0    Dex: 12    Spells: 10/10 levels left

rFire    . . .     SeeInvis .     - Unarmed
rCold    + . .     Gourm    .   (no shield)
rNeg     + + +     Faith    .   m - +0 chain mail
rPois    ∞         Spirit   .   (no helmet)
rElec    .         Reflect  .   u - +2 cloak {+Inv}
rCorr    .         Harm     .   (no gloves)
MR       .....                  l - +0 pair of boots
Stlth    ..........             (no amulet)
HPRegen  0.00/turn              g - ring of stealth
MPRegen  0.14/turn              h - +4 ring of protection

@: rotting
A: rotting body, claws 1, carnivore, cold resistance 1, negative energy
resistance 3, inhibited regeneration, torment resistance, unbreathing
a: Minor Destruction, Lesser Servant of Makhleb, Major Destruction, Renounce
Religion, Evoke Invisibility


You were on level 9 of the Dungeon.
You worshipped Makhleb.
Makhleb was greatly pleased with you.
You were not hungry.

You visited 2 branches of the dungeon, and saw 11 of its levels.

You collected 456 gold pieces.

Inventory:

Missiles
 e - 220 stones (quivered)
Armour
 j - a scarf of spirit shield
 l - a +0 pair of boots (worn)
 m - a +0 chain mail (worn)
 s - a +0 plate armour
 u - a +2 cloak of invisibility (worn)
Jewellery
 g - a ring of stealth (left claw)
 h - a +4 ring of protection (right claw)
 o - an uncursed ring of flight
Wands
 q - a wand of polymorph (8)
 r - a wand of digging (13)
 t - a wand of disintegration (11)
 w - a wand of iceblast (9)
Scrolls
 c - 5 scrolls of identify
 d - 7 scrolls of teleportation
 n - 4 scrolls of remove curse
Potions
 a - a potion of cancellation
 k - 2 potions of curing
 p - a potion of might {unknown}
 x - a potion of ambrosia {unknown}
Miscellaneous
 y - a phantom mirror
Comestibles
 b - 18 rations
 v - 13 chunks of flesh


   Skills:
 + Level 5.8 Fighting
 + Level 6.1 Throwing
 + Level 5.6 Armour
 + Level 4.7 Dodging
 + Level 3.5 Stealth
 + Level 11.3 Unarmed Combat
 * Level 6.2 Invocations
 * Level 5.4 Evocations


You had 10 spell levels left.
You didn't know any spells.

Dungeon Overview and Level Annotations

Branches:
Dungeon (10/15)            Temple (1/1) D:5             Orc (0/2) D:10
   Lair: D:8-11

Altars:
Ashenzari
Cheibriados
Dithmenos
Elyvilon
Fedhas
Gozag
Hepliaklqana
Kikubaaqudgha
Makhleb
Nemelex Xobeh
Okawaru
Qazlal
Ru
Sif Muna
Trog
Uskayaw
Vehumet
Wu Jian
Xom
Yredelemnul
Zin
The Shining One
Beogh

Shops:
D:5 %   D:8 *

Annotations:
D:4 Thargor's ghost, amateur MiFi
D:8 epok's ghost, journeyman GrBe
D:9 Dommiel19's ghost, novice MiBe


Innate Abilities, Weirdness & Mutations

Your body is rotting away.
You thrive on raw meat.
You are immune to poison.
You have sharp fingernails.
You are carnivorous and can eat meat at any time.
Your flesh is cold resistant. (rC+)
You are immune to negative energy. (rN+++)
You do not regenerate when monsters are visible.
You are immune to unholy pain and torment.
You can survive without breathing.


Message History

The deep troll claws you but does no damage.
Okay, then.
You see here an arrow.
Items here: ( )) ÷ a short sword; an uncursed shortbow; 17 arrows; a centaur skeleton An orc comes into view.
It is wielding a dagger.
The orc shouts!
Found a staircase to the Orcish Mines.
An orc warrior comes into view. It is wielding a trident.
An orc comes into view. It is wielding a dagger.
The orc warrior shouts!
The orc shouts!
An orc priest comes into view. It is wielding a short sword.
The orc priest shouts!
There is a stone staircase leading up here.
You climb upwards.
Level annotation: Dommiel19's ghost, novice MiBe
There is a stone staircase leading down here.
The deep troll bites you but does no damage.
The deep troll claws you!
You die...

#.# #.# #.# #.# #.# #.#
#.#
#######################.#
.......>...T@...........#
#######################.#
#.# #.# #.# #.# #.# .#


You could see a deep troll.

Vanquished Creatures
  A fire giant (D:10)
  A two-headed ogre (D:10)
  An unseen horror (D:10)
  Pikel (D:7)
  2 deep elf magi
  Maurice (D:8)
  A hornet (D:10)
  Prince Ribbit (D:6)
  A hippogriff (D:7)
  A human (D:8)
  The ghost of Delanovic the Twirler, an amateur MiGl of Qazlal (D:3)
  4 hogs (D:8)
  2 water moccasins
  Duvessa (D:6)
  A porcupine (D:10)
  2 black bears (D:6)
  2 orc warriors
  2 phantoms
  4 ogres
  A sky beast (D:8)
  A centaur (D:10)
  2 crocodiles (D:7)
  A big kobold (D:8)
  4 bullfrogs
  A scorpion (D:7)
  Dowan (D:6)
  3 wights (D:10)
  A crimson imp (D:6)
  A hound (D:10)
  A quasit (D:9)
  3 jellies
  3 orc priests
  2 orc wizards
  A centaur skeleton (D:4)
  A gnoll shaman (D:7)
  2 iguanas
  4 worker ants
  A hound skeleton (D:8)
  A worker ant zombie (D:6)
  22 adders
  12 gnolls
  A howler monkey skeleton (D:7)
  An ooze (D:2)
  An adder skeleton (D:8)
  2 worms
  3 dart slugs
  8 leopard geckos
  22 orcs
  4 giant cockroaches
  6 goblins
  5 hobgoblins
  13 jackals
  A quokka (D:3)
  A ball python zombie (D:6)
  4 bats
  5 frilled lizards
  2 jackal skeletons (D:4)
  A jackal zombie (D:5)
  9 kobolds
  2 leopard gecko skeletons
  A leopard gecko zombie (D:5)
  A quokka skeleton (D:5)
  A quokka zombie (D:4)
  9 rats
202 creatures vanquished.

Vanquished Creatures (others)
  A kobold demonologist (D:10)
  18 fungi (D:10)
  4 plants (D:10)
23 creatures vanquished.

Grand Total: 225 creatures vanquished

Notes
Turn   | Place    | Note
-------+----------+-------------------------------------------
     0 | D:1      | Dox the Ghoul Monk began the quest for the Orb.
     0 | D:1      | Reached XP level 1. HP: 19/19 MP: 0/0
   140 | D:1      | Reached XP level 2. HP: 9/26 MP: 1/1
   730 | D:2      | Reached XP level 3. HP: 18/30 MP: 2/2
   879 | D:2      | Reached skill level 4 in Unarmed Combat
  1035 | D:2      | Reached XP level 4. HP: 18/36 MP: 1/3
  1250 | D:2      | Found a faded altar of an unknown god.
  1339 | D:2      | Reached XP level 5. HP: 40/46 MP: 2/4
  1559 | D:3      | Reached skill level 5 in Unarmed Combat
  1700 | D:3      | Noticed Delanovic's ghost (amateur MiGl)
  1743 | D:3      | Killed Delanovic's ghost
  1743 | D:3      | Reached skill level 1 in Throwing
  1743 | D:3      | Reached skill level 1 in Armour
  1743 | D:3      | Reached XP level 6. HP: 39/52 MP: 3/5
  2533 | D:4      | Reached skill level 6 in Unarmed Combat
  2533 | D:4      | Reached XP level 7. HP: 57/59 MP: 3/6
  2600 | D:4      | Noticed Thargor's ghost (amateur MiFi)
  2716 | D:4      | Found a blossoming altar of Fedhas.
  3475 | D:5      | Entered Level 5 of the Dungeon
  3686 | D:5      | Found a staircase to the Ecumenical Temple.
  3692 | Temple   | Entered the Ecumenical Temple
  3791 | Temple   | Became a worshipper of Makhleb the Destroyer
  3791 | Temple   | Reached * piety under Makhleb
  3791 | Temple   | Reached ** piety under Makhleb
  3892 | D:5      | Reached skill level 7 in Unarmed Combat
  3998 | D:5      | Reached XP level 8. HP: 62/65 MP: 7/7
  4079 | D:5      | Found Kisumair's Food Boutique.
  4450 | D:6      | Noticed Prince Ribbit
  4462 | D:6      | Killed Prince Ribbit
  4462 | D:6      | Reached skill level 1 in Evocations
  4614 | D:6      | Noticed Dowan
  4615 | D:6      | Noticed Duvessa
  4623 | D:6      | Killed Dowan
  4627 | D:6      | Killed Duvessa
  4841 | D:6      | Reached skill level 8 in Unarmed Combat
  5068 | D:7      | Noticed a hippogriff
  5093 | D:7      | Killed a hippogriff
  5093 | D:7      | Reached skill level 1 in Invocations
  5093 | D:7      | Reached XP level 9. HP: 61/72 MP: 5/10
  5326 | D:7      | Reached skill level 5 in Fighting
  5497 | D:7      | Reached *** piety under Makhleb
  5777 | D:7      | Noticed Pikel
  5795 | D:7      | Killed Pikel
  5795 | D:7      | Reached skill level 9 in Unarmed Combat
  5917 | D:8      | Reached XP level 10. HP: 81/81 MP: 11/11
  6105 | D:8      | Found a roughly hewn altar of Beogh.
  6105 | D:8      | Found Zaramikkix's Evil Emporium.
  6229 | D:8      | Noticed epok's ghost (journeyman GrBe)
  6614 | D:8      | Reached skill level 10 in Unarmed Combat
  6859 | D:8      | Reached skill level 5 in Throwing
  6886 | D:8      | Noticed Maurice
  6889 | D:8      | Killed Maurice
  7058 | D:9      | Noticed a deep elf mage
  7075 | D:9      | Killed a deep elf mage
  7162 | D:9      | Noticed Dommiel19's ghost (novice MiBe)
  7247 | D:9      | You fall through a shaft!
  7247 | D:10     | Entered Level 10 of the Dungeon
  7264 | D:10     | Noticed a two-headed ogre
  7277 | D:10     | Killed an unseen horror
  7277 | D:10     | Reached skill level 5 in Armour
  7277 | D:10     | Reached skill level 5 in Invocations
  7287 | D:10     | Killed a two-headed ogre
  7287 | D:10     | Reached skill level 5 in Evocations
  7403 | D:10     | Reached **** piety under Makhleb
  7474 | D:10     | Reached XP level 11. HP: 85/89 MP: 14/14
  7533 | D:10     | Noticed a deep elf mage
  7541 | D:10     | Killed a deep elf mage
  7541 | D:10     | Reached skill level 11 in Unarmed Combat
  7552 | D:10     | Noticed a deep elf mage
  7557 | D:10     | Noticed a deep troll
  7559 | D:10     | Noticed a fire giant
  7578 | D:10     | Killed a fire giant
  7586 | D:10     | HP: 4/89 [earth elemental[a deep elf mage] (23)]
  7615 | D:10     | HP: 4/89 [deep troll (12)]
  7628 | D:10     | Found a staircase to the Orcish Mines.
  7638 | D:9      | Mangled by a deep troll

Skill      XL: |  1  2  3  4  5  6  7  8  9 10 11 |
---------------+----------------------------------+-----
Dodging        | 3 4 |  4.7
Unarmed Combat | 4 5 6 7 8 9 10 11 | 11.3
Throwing       | 1 2 4 5 6 |  6.1
Armour         | 1 2 3 4 5 |  5.6
Stealth        | 3 |  3.5
Fighting       | 4 5 |  5.8
Evocations     | 2 3 5 |  5.4
Invocations    | 1 3 5 6 |  6.2

Action                   |  1- 3 |  4- 6 |  7- 9 | 10-12 || total
-------------------------+-------+-------+-------+-------++-------
Melee: Unarmed           |    71 |   177 |   312 |   223 ||   783
       Punch             |     1 |     1 |     4 |     7 ||    13
Throw: Stone             |    21 |    73 |   135 |   109 ||   338
Evoke: Wand              |       |       |    13 |    12 ||    25
  Use: Scroll            |       |    10 |     5 |     1 ||    16
       Potion            |       |     3 |       |     2 ||     5
 Stab: Sleeping          |     1 |     3 |       |       ||     4
  Eat: Chunk             |    14 |    36 |    33 |     3 ||    86
Armor: Robe              |     7 |       |       |       ||     7
       Leather armour    |       |    16 |       |       ||    16
       Chain mail        |       |    10 |   163 |   118 ||   291
Dodge: Dodged            |    31 |    92 |   104 |    98 ||   325
